AoeStats
← Mr_Fox

Nomad

508792684Analyzed
4v4 RM · 7d ago on Sep 24, 2026· 46m 42s· 8 players
Game mode
Random Map
Map size
231×231
Population
200
Speed
Normal
Resources
Standard
Victory
Conquest
Starting age
Dark Age
Ending age
Imperial Age
RankedLock teamsTeams togetherTeam positionsShared explorationLock speedFull tech treeHidden civsTurbo modeCheats
Victory
Defeat
🇬🇹 Dravidians · Guatemala
1494
+13
🇬🇹 Lithuanians · Guatemala
1477
+14
🇬🇹 Inca · Guatemala
1456
+14
🇬🇹 Malay · Guatemala
1425
+16
🇦🇷 Danes · Argentina
1587
-21
🇺🇸 Japanese · United States
1430
-14
🇦🇷 Koreans · Argentina
1414
-14
🇲🇽 Celts · Mexico
1256
-8
Lord Elendil
3:58 Loom
12:11 Feudal Age
13:10 Double-Bit Axe
18:31 Castle Age
27:05 Town Watch
31:44 Bow Saw
39:57 Imperial Age
42:33 Wheelbarrow
42:07 Gold Mining
41:59 Horse Collar
41:46 Elite Skirmisher
46:48 Fletching
都挺好
4:36 Loom
13:33 Feudal Age
17:20 Castle Age
16:22 Double-Bit Axe
18:34 Bow Saw
19:37 Gold Mining
19:58 Fletching
21:26 Gold Shaft Mining
40:49 Town Watch
41:39 Wheelbarrow
41:54 Horse Collar
sabpeee
4:11 Loom
12:32 Feudal Age
16:44 Castle Age
15:32 Arson
16:17 Scale Mail Armor
17:47 Forging
17:59 Double-Bit Axe
18:22 Squires
19:00 Chain Mail Armor
19:17 Town Watch
19:18 Gambesons
20:06 Bow Saw
23:12 Horse Collar
24:23 Gold Mining
35:03 Iron Casting
35:24 Wheelbarrow
39:02 Imperial Age
36:43 Hamask
38:30 Hand Cart
38:45 Heavy Plow
38:15 Pikeman
38:53 Fletching
39:03 Padded Archer Armor
39:05 Elite Varangian Guard
40:17 Plate Mail Armor
40:48 Blast Furnace
40:06 Bodkin Arrow
41:29 Blast Furnace
41:04 Conscription
40:47 Halberdier
42:26 Bracer
43:50 Capped Ram
45:02 Leather Archer Armor
AlDebaran
6:17 Loom
13:28 Feudal Age
13:31 Feudal Age
18:59 Castle Age
18:30 Fishing Lines
24:24 Wheelbarrow
26:47 Gold Mining
27:13 Padded Archer Armor
27:10 Pikeman
27:50 Squires
27:53 Scale Mail Armor
29:14 Horse Collar
30:39 Chain Mail Armor
31:58 Man-at-Arms
32:49 Forging
33:10 Long Swordsman
33:35 Gambesons
36:36 Hand Cart
41:39 Imperial Age
Mr_Fox
4:31 Loom
14:27 Feudal Age
18:42 Castle Age
18:26 Double-Bit Axe
18:21 Horse Collar
23:40 Bow Saw
27:34 Fletching
28:43 Gold Mining
29:31 Wheelbarrow
29:30 Crossbowman
30:53 Bodkin Arrow
31:10 Town Watch
31:43 Padded Archer Armor
41:56 Imperial Age
40:23 Thumb Ring
40:35 Leather Archer Armor
40:47 Arbalester
41:42 Bracer
42:44 Chemistry
42:05 Ballistics
43:08 Masonry
43:24 Conscription
44:20 Heavy Plow
Chap1nziiiin
10:00 Loom
12:38 Feudal Age
13:37 Double-Bit Axe
16:17 Castle Age
16:31 Scale Barding Armor
17:20 Medium Warships
18:12 Husbandry
20:10 Bow Saw
25:55 Horse Collar
28:03 Chain Barding Armor
34:05 Fletching
35:43 Forging
39:54 Wheelbarrow
39:05 Town Watch
42:55 Imperial Age
42:10 Bloodlines
43:03 Iron Casting
44:18 Plate Barding Armor
44:37 Elite Leitis
45:37 Gold Mining
46:59 Conscription
LvSP | DeathThunder
13:34 Feudal Age
17:10 Castle Age
17:01 Scale Mail Armor
17:23 Champi Runner
18:04 Squires
18:25 Chain Mail Armor
18:25 Champi Warrior
18:52 Loom
20:54 Arson
23:30 Forging
27:05 Double-Bit Axe
28:51 Wheelbarrow
28:10 Gold Mining
28:15 Horse Collar
32:19 Iron Casting
32:29 Bow Saw
36:54 Imperial Age
34:41 Fishing Lines
36:02 Fletching
36:27 Town Watch
36:45 Bodkin Arrow
37:01 Heavy Plow
38:08 Plate Mail Armor
38:38 Blast Furnace
38:09 Bracer
38:35 Thumb Ring
38:04 Capped Ram
39:21 Town Patrol
40:37 Hand Cart
39:54 Elite Champi Warrior
41:55 Stone Mining
43:09 Padded Archer Armor
44:12 Leather Archer Armor
45:07 Chemistry
44:14 Siege Engineers
44:32 Conscription
46:05 Ring Archer Armor
Sogni
10:24 Loom
12:51 Feudal Age
14:15 Fletching
18:28 Double-Bit Axe
18:24 Horse Collar
28:58 Castle Age
27:11 Gold Mining
29:17 Crossbowman
31:32 Fishing Lines
39:26 Bodkin Arrow
39:32 Scale Mail Armor
41:51 Chain Mail Armor
42:13 Ballistics
42:02 Thumb Ring
46:23 Imperial Age
43:52 Man-at-Arms
44:17 Gambesons
44:32 Squires
44:18 Arson
47:14 Wheelbarrow
46:33 Gold Mining
46:15 Long Swordsman
Connection lost

Rejoining the realm…

Still unreachable

The connection could not be restored.

Session expired

The server has moved on; the page needs a fresh start.